TOP OF THE 1ST |
Durham Bulls batting - Pitching for Salt Lake Bees : RHP Allen Weaver
|
Pitching: RHP Allen Weaver
|
|
Batting: RHB Jonathan Fraire
|
0-0: Ball 1-0: Ball 2-0: Ball 3-0: Called Strike 3-1: Called Strike 3-2: Foul Ball, location: 2F 3-2: Foul Ball, location: 2F 3-2: Strikes out swinging
|
Batting: SHB Joey Pacheco
|
0-0: Fly out, F9 (Flyball, 9S, EV 93.1 MPH)
|
Batting: RHB David Ward
|
0-0: Ball 1-0: Ball 2-0: Ball 3-0: Called Strike 3-1: Called Strike 3-2: Foul Ball, location: 2F 3-2: Foul Ball, location: 2F 3-2: Foul Ball, location: 2F 3-2: Base on Balls
|
Batting: RHB Alex Diaz
|
0-0: Called Strike 0-1: Called Strike 0-2: Ball 1-2: Fly out, F5 (Popup, 5SF, EV 80.0 MPH)
|
Top of the 1st over - 0 runs, 0 hits, 0 errors, 1 left on base; Durham 0 - Salt Lake 0 |
BOTTOM OF THE 1ST |
Salt Lake Bees batting - Pitching for Durham Bulls : RHP Dave Navarro
|
Pitching: RHP Dave Navarro
|
|
Batting: RHB Nick Dunn
|
0-0: Called Strike 0-1: Swinging Strike 0-2: Strikes out looking
|
Batting: RHB Melvin Gomez
|
0-0: Ground out 5-3 (Groundball, 56, EV 88.1 MPH)
|
Batting: LHB Jonathon Walton
|
0-0: SINGLE (Groundball, 4D, EV 101.2 MPH)
|
Batting: LHB Brett Bugge
|
0-0: Fly out, F7 (Flyball, 7D, EV 95.6 MPH)
|
Bottom of the 1st over - 0 runs, 1 hit, 0 errors, 1 left on base; Durham 0 - Salt Lake 0 |
TOP OF THE 2ND |
Durham Bulls batting - Pitching for Salt Lake Bees : RHP Allen Weaver
|
Batting: LHB Davion Lewis
|
0-0: Called Strike 0-1: SINGLE (Line Drive, 6MD, EV 102.5 MPH)
|
Batting: RHB Jose Arriola
|
0-0: Called Strike 0-1: Grounds into double play, 6-4-3 (Groundball, 6, EV 99.4 MPH)
|
Batting: RHB Danny Diaz
|
0-0: Ball 1-0: Fly out, F7 (Flyball, 7LS, EV 93.1 MPH)
|
Top of the 2nd over - 0 runs, 1 hit, 0 errors, 0 left on base; Durham 0 - Salt Lake 0 |
BOTTOM OF THE 2ND |
Salt Lake Bees batting - Pitching for Durham Bulls : RHP Dave Navarro
|
Batting: RHB Jeff Long
|
0-0: Called Strike 0-1: Ground out 6-3 (Groundball, 6, EV 86.2 MPH)
|
Batting: SHB Butch Brown
|
0-0: Ground out 3-1 (Groundball, 34S, EV 83.1 MPH)
|
Batting: RHB Josh Faulconer
|
0-0: Ball 1-0: Foul Ball, location: 2F 1-1: Ball 2-1: Ball 3-1: SINGLE (Groundball, 56D, EV 97.5 MPH)
|
Batting: RHB Brandon Davis
|
0-0: Called Strike 0-1: Fly out, F6 (Line Drive, 4M, EV 63.8 MPH)
|
Bottom of the 2nd over - 0 runs, 1 hit, 0 errors, 1 left on base; Durham 0 - Salt Lake 0 |
TOP OF THE 3RD |
Durham Bulls batting - Pitching for Salt Lake Bees : RHP Allen Weaver
|
Batting: RHB Kevin Benfield
|
0-0: Called Strike 0-1: Ball 1-1: Ball 2-1: Foul Ball, location: 2F 2-2: Strikes out swinging
|
Batting: RHB Dan Marks
|
0-0: Ball 1-0: Ball 2-0: Foul Ball, location: 2F 2-1: SINGLE (Line Drive, 9LS, EV 85.6 MPH)
|
Batting: RHB Jonathan Fraire
|
0-0: Ball 1-0: Called Strike 1-1: Fly out, F7 (Flyball, 78M, EV 77.5 MPH)
|
Batting: SHB Joey Pacheco
|
0-0: Ball 1-0: Foul Ball, location: 2F 1-1: Foul Ball, location: 2F 1-2: Ball 2-2: 2-RUN HOME RUN (Line Drive, 7LD, EV 99.4 MPH), Distance : 378 ft
|
Batting: RHB David Ward
|
0-0: Ball 1-0: Foul Ball, location: 2F 1-1: Foul Ball, location: 2F 1-2: Ball 2-2: Foul Ball, location: 2F 2-2: Ball 3-2: Fly out, F5 (Popup, 25, EV 88.1 MPH)
|
Top of the 3rd over - 2 runs, 2 hits, 0 errors, 0 left on base; Durham 2 - Salt Lake 0 |
BOTTOM OF THE 3RD |
Salt Lake Bees batting - Pitching for Durham Bulls : RHP Dave Navarro
|
Batting: RHB Juan Martinez
|
0-0: Ball 1-0: Ground out 6-3 (Groundball, 6, EV 95.0 MPH)
|
Batting: RHB Nick Dunn
|
0-0: Called Strike 0-1: Called Strike 0-2: Ball 1-2: SINGLE (Line Drive, 7S, EV 85.6 MPH)
|
Batting: RHB Melvin Gomez
|
0-0: Called Strike Nick Dunn steals 2nd base (no throw) 0-1: Fly out, F9 (Line Drive, 89D, EV 102.5 MPH)
|
Batting: LHB Jonathon Walton
|
0-0: Ball 1-0: Ground out U3 (Groundball, 3L, EV 110.0 MPH)
|
Bottom of the 3rd over - 0 runs, 1 hit, 0 errors, 1 left on base; Durham 2 - Salt Lake 0 |
TOP OF THE 4TH |
Durham Bulls batting - Pitching for Salt Lake Bees : RHP Allen Weaver
|
Batting: RHB Alex Diaz
|
0-0: Foul Ball, location: 2F 0-1: Ball 1-1: Ball 2-1: Ball 3-1: Ground out 6-3 (Groundball, 6, EV 85.0 MPH)
|
Batting: LHB Davion Lewis
|
0-0: Ground out U3 (Groundball, 13, EV 81.9 MPH)
|
Batting: RHB Jose Arriola
|
0-0: Ball 1-0: Ball 2-0: Ball 3-0: Called Strike 3-1: Fly out, F7 (Line Drive, 7, EV 106.2 MPH)
|
Top of the 4th over - 0 runs, 0 hits, 0 errors, 0 left on base; Durham 2 - Salt Lake 0 |
BOTTOM OF THE 4TH |
Salt Lake Bees batting - Pitching for Durham Bulls : RHP Dave Navarro
|
Batting: LHB Brett Bugge
|
0-0: Ball 1-0: Called Strike 1-1: Swinging Strike 1-2: Ball 2-2: Strikes out looking
|
Batting: RHB Jeff Long
|
0-0: Called Strike 0-1: Ball 1-1: Foul Ball, location: 2F 1-2: Ball 2-2: Foul Ball, location: 2F 2-2: Ball 3-2: SINGLE (Groundball, 6MD, EV 102.5 MPH)
|
Batting: SHB Butch Brown
|
0-0: Called Strike 0-1: Swinging Strike 0-2: Ball 1-2: Foul Ball, location: 2F 1-2: Ball 2-2: Reached on error, E4 (Groundball, 4M, EV 77.5 MPH) Jeff Long to second
|
Batting: RHB Josh Faulconer
|
0-0: Ball 1-0: Ball 2-0: Foul Ball, location: 2F 2-1: Ball 3-1: Foul Ball, location: 2F 3-2: Foul Ball, location: 2F 3-2: Base on Balls Jeff Long to third Butch Brown to second
|
Batting: RHB Brandon Davis
|
0-0: Called Strike 0-1: Ball 1-1: Called Strike 1-2: Strikes out swinging
|
Batting: RHB Juan Martinez
|
0-0: Ball 1-0: Foul Ball, location: 2F 1-1: Foul Ball, location: 2F 1-2: Fly out, F9 (Flyball, 89S, EV 76.2 MPH)
|
Bottom of the 4th over - 0 runs, 1 hit, 1 error, 3 left on base; Durham 2 - Salt Lake 0 |
TOP OF THE 5TH |
Durham Bulls batting - Pitching for Salt Lake Bees : RHP Allen Weaver
|
Batting: RHB Danny Diaz
|
0-0: SINGLE (Flyball, 56D, EV 87.5 MPH)
|
Batting: RHB Kevin Benfield
|
0-0: Called Strike Danny Diaz steals 2nd base (no throw) 0-1: Ball 1-1: Foul Ball, location: 2F 1-2: SINGLE (Line Drive, 8LS, EV 91.2 MPH) Danny Diaz to third Runner from 3rd tries for Home, throw by CF and OUT! 8-2 Kevin Benfield to second
|
Batting: RHB Dan Marks
|
0-0: Foul Ball, location: 2F 0-1: Swinging Strike 0-2: Ball 1-2: Ball 2-2: Foul Ball, location: 2F 2-2: Strikes out swinging
|
Batting: RHB Jonathan Fraire
|
0-0: Ball 1-0: Called Strike 1-1: Foul Ball, location: 2F 1-2: Ball 2-2: Foul Ball, location: 2F 2-2: Fly out, F5 (Popup, 5SF, EV 70.6 MPH)
|
Top of the 5th over - 0 runs, 2 hits, 0 errors, 1 left on base; Durham 2 - Salt Lake 0 |
BOTTOM OF THE 5TH |
Salt Lake Bees batting - Pitching for Durham Bulls : RHP Dave Navarro
|
Batting: RHB Nick Dunn
|
0-0: Ball 1-0: Foul Ball, location: 2F 1-1: Ball 2-1: Ball 3-1: Fly out, F8 (Flyball, 8RXD, EV 91.2 MPH)
|
Batting: RHB Melvin Gomez
|
0-0: Ball 1-0: Ball 2-0: Called Strike 2-1: Foul Ball, location: 2F 2-2: SINGLE (Groundball, 56D, EV 93.8 MPH)
|
Batting: LHB Jonathon Walton
|
0-0: Called Strike 0-1: Ball Melvin Gomez steals 2nd base 1-1: Ball 2-1: Ball 3-1: Called Strike 3-2: Base on Balls
|
Batting: LHB Brett Bugge
|
0-0: Called Strike Melvin Gomez steals 3rd base Jonathon Walton to second 0-1: Called Strike 0-2: Fly out, F8 (Line Drive, 8LS, EV 89.4 MPH) Runner from 3rd tags up, OUT at HOME! 8-2
|
Bottom of the 5th over - 0 runs, 1 hit, 0 errors, 1 left on base; Durham 2 - Salt Lake 0 |
TOP OF THE 6TH |
Durham Bulls batting - Pitching for Salt Lake Bees : RHP Allen Weaver
|
Pitching: LHP Nick Yarbrough
|
|
Batting: SHB Joey Pacheco
|
0-0: Foul Ball, location: 2F 0-1: Ball 1-1: Swinging Strike 1-2: Ball 2-2: Strikes out swinging
|
Batting: RHB David Ward
|
0-0: Ball 1-0: Swinging Strike 1-1: SINGLE (Line Drive, 7S, EV 92.5 MPH)
|
Batting: RHB Alex Diaz
|
0-0: Ball 1-0: Called Strike 1-1: Called Strike 1-2: Foul Ball, location: 2F 1-2: Ball 2-2: Ground out 6-3 (Groundball, 6M, EV 93.8 MPH) David Ward to second
|
Batting: LHB Davion Lewis
|
0-0: Called Strike 0-1: Ball 1-1: Ball 2-1: Ball 3-1: Fly out, F8 (Flyball, 8RM, EV 83.8 MPH)
|
Top of the 6th over - 0 runs, 1 hit, 0 errors, 1 left on base; Durham 2 - Salt Lake 0 |
BOTTOM OF THE 6TH |
Salt Lake Bees batting - Pitching for Durham Bulls : RHP Dave Navarro
|
Batting: RHB Jeff Long
|
0-0: Ball 1-0: Ground out 6-3 (Groundball, 56, EV 84.4 MPH)
|
Batting: SHB Butch Brown
|
0-0: Ball 1-0: Ball 2-0: Called Strike 2-1: Ball 3-1: Foul Ball, location: 2F 3-2: SINGLE (Groundball, 34D, EV 97.5 MPH)
|
Batting: RHB Josh Faulconer
|
0-0: Called Strike 0-1: Ball 1-1: Fielders Choice at 2nd, 6-4 (Groundball, 56, EV 91.9 MPH)
|
Batting: RHB Brandon Davis
|
0-0: Ball 1-0: Ball 2-0: Called Strike 2-1: Ball 3-1: Ground out 4-3 (Groundball, 34, EV 110.0 MPH)
|
Bottom of the 6th over - 0 runs, 1 hit, 0 errors, 1 left on base; Durham 2 - Salt Lake 0 |
TOP OF THE 7TH |
Durham Bulls batting - Pitching for Salt Lake Bees : LHP Nick Yarbrough
|
Pitching: LHP Matt Huston
|
|
Batting: RHB Jose Arriola
|
0-0: Ground out 6-3 (Groundball, 6, EV 105.6 MPH)
|
Batting: RHB Danny Diaz
|
0-0: Ground out 4-3 (Groundball, 4, EV 80.6 MPH)
|
Batting: RHB Kevin Benfield
|
0-0: Ball 1-0: Swinging Strike 1-1: Ball 2-1: Called Strike 2-2: Ball 3-2: Ground out 4-3 (Groundball, 4, EV 84.4 MPH)
|
Top of the 7th over - 0 runs, 0 hits, 0 errors, 0 left on base; Durham 2 - Salt Lake 0 |
BOTTOM OF THE 7TH |
Salt Lake Bees batting - Pitching for Durham Bulls : RHP Dave Navarro
|
Batting: RHB Juan Martinez
|
0-0: Ball 1-0: Foul Ball, location: 2F 1-1: Foul Ball, location: 2F 1-2: Ball 2-2: Ball 3-2: Base on Balls
|
Batting: RHB Nick Dunn
|
0-0: Swinging Strike 0-1: Ball 1-1: Foul Ball, location: 2F 1-2: Ground out 6-3 (Groundball, P, EV 95.0 MPH) Juan Martinez to second
|
Batting: RHB Melvin Gomez
|
0-0: Ball 1-0: Ball 2-0: Foul Ball, location: 2F 2-1: Swinging Strike 2-2: Ball 3-2: Strikes out looking
|
Pitching: LHP Sam Wesman
|
|
Pinch Hitting: RHB Ryan Munro
|
0-0: Ball 1-0: Ground out 4-3 (Groundball, 4, EV 85.0 MPH)
|
Bottom of the 7th over - 0 runs, 0 hits, 0 errors, 1 left on base; Durham 2 - Salt Lake 0 |
TOP OF THE 8TH |
Durham Bulls batting - Pitching for Salt Lake Bees : LHP Matt Huston
|
Now at 1B: Jimmy Buzard
|
|
Batting: RHB Dan Marks
|
0-0: Ball 1-0: Fly out, F7 (Flyball, 7, EV 86.9 MPH)
|
Batting: RHB Jonathan Fraire
|
0-0: Ball 1-0: Ball 2-0: Ball 3-0: Called Strike 3-1: Base on Balls
|
Batting: SHB Joey Pacheco
|
0-0: Ball Jonathan Fraire steals 2nd base 1-0: Intentional Walk
|
Batting: RHB David Ward
|
0-0: Ball 1-0: Grounds into double play, 6-4-3 (Groundball, 6, EV 81.2 MPH)
|
Top of the 8th over - 0 runs, 0 hits, 0 errors, 1 left on base; Durham 2 - Salt Lake 0 |
BOTTOM OF THE 8TH |
Salt Lake Bees batting - Pitching for Durham Bulls : LHP Sam Wesman
|
Batting: LHB Brett Bugge
|
0-0: Ball 1-0: Foul Ball, location: 2F 1-1: Ball 2-1: Ball 3-1: Base on Balls
|
Pitching: RHP Alec Murphy
|
|
Batting: RHB Jeff Long
|
0-0: Fielders Choice at 2nd, 6-4 (Groundball, 6M, EV 110.0 MPH)
|
Batting: SHB Butch Brown
|
0-0: Called Strike 0-1: Fly out, F8 (Flyball, 89D, EV 91.9 MPH)
|
Batting: RHB Josh Faulconer
|
0-0: Ball 1-0: Called Strike 1-1: Ground out 5-3 (Groundball, 56S, EV 86.9 MPH)
|
Bottom of the 8th over - 0 runs, 0 hits, 0 errors, 1 left on base; Durham 2 - Salt Lake 0 |
TOP OF THE 9TH |
Durham Bulls batting - Pitching for Salt Lake Bees : LHP Matt Huston
|
Pitching: RHP Shane Woods
|
|
Batting: RHB Alex Diaz
|
0-0: Foul Ball, location: 2F 0-1: Foul Ball, location: 2F 0-2: Ball 1-2: Foul Ball, location: 2F 1-2: Ball 2-2: Fly out, F8 (Flyball, 78M, EV 88.1 MPH)
|
Batting: LHB Davion Lewis
|
0-0: Ball 1-0: Ball 2-0: Swinging Strike 2-1: Ground out 4-3 (Groundball, 4, EV 106.9 MPH)
|
Batting: RHB Jose Arriola
|
0-0: Called Strike 0-1: Ball 1-1: Fly out, F7 (Flyball, 7LS, EV 84.4 MPH)
|
Top of the 9th over - 0 runs, 0 hits, 0 errors, 0 left on base; Durham 2 - Salt Lake 0 |
BOTTOM OF THE 9TH |
Salt Lake Bees batting - Pitching for Durham Bulls : RHP Alec Murphy
|
Pitching: RHP Cody Wilharm
|
|
Batting: RHB Brandon Davis
|
0-0: Ball 1-0: Foul Ball, location: 2F 1-1: Ball 2-1: Swinging Strike 2-2: Foul Ball, location: 2F 2-2: Foul Ball, location: 2F 2-2: Strikes out swinging
|
Pinch Hitting: LHB Micah Miller
|
0-0: Foul Ball, location: 2F 0-1: Ball 1-1: Ball 2-1: Foul Ball, location: 2F 2-2: Foul Ball, location: 2F 2-2: Ball 3-2: Base on Balls
|
Batting: RHB Nick Dunn
|
0-0: Ball 1-0: Foul Ball, location: 2F 1-1: Foul Ball, location: 2F 1-2: Foul Ball, location: 2F 1-2: Ball 2-2: SINGLE (Groundball, 6M, EV 101.9 MPH) (infield hit) Micah Miller to second
|
Batting: RHB Melvin Gomez
|
0-0: Foul Ball, location: 2F 0-1: Swinging Strike 0-2: Strikes out swinging
|
Batting: RHB Jimmy Buzard
|
0-0: Ball 1-0: Swinging Strike 1-1: Ball 2-1: SINGLE (Flyball, 7S, EV 92.5 MPH) Micah Miller to third Nick Dunn to second
|
Batting: LHB Brett Bugge
|
0-0: Called Strike 0-1: Ball 1-1: Ball 2-1: Foul Ball, location: 2F 2-2: Ball 3-2: Strikes out swinging
|
Bottom of the 9th over - 0 runs, 2 hits, 0 errors, 3 left on base; Durham 2 - Salt Lake 0 |
|